SBL
FITZROY LIONS @ COBURG BANKERS
08/07/2022
 
TOP OF THE 1ST
Fitzroy Lions batting - Pitching for Coburg Bankers : RHP Fabian Hames
Pitching: RHP Fabian Hames
Batting: LHB Guarçia Dresel 0-0: Ball
1-0: Fly out, F9 (Flyball, 9LSF, EV 95.6 MPH)
Batting: RHB John Waldegrave 0-0: Ball
1-0: Ball
2-0: Ball
3-0: Base on Balls
Batting: RHB Asa Lanyon 0-0: Ball
John Waldegrave is caught stealing 2nd base 2-4
1-0: Ball
2-0: Reached on error, E6 (Groundball, 6M, EV 85.6 MPH)
Batting: RHB Jamey Goodwin 0-0: Called Strike
0-1: Fly out, F8 (Line Drive, 89M, EV 95.0 MPH)
Top of the 1st over - 0 runs, 0 hits, 1 error, 1 left on base; Fitzroy 0 - Coburg 0
BOTTOM OF THE 1ST
Coburg Bankers batting - Pitching for Fitzroy Lions : RHP Morton Nutley
Pitching: RHP Morton Nutley
Batting: LHB Todd Sparkes 0-0: Ball
1-0: Ball
2-0: Ground out U3 (Groundball, 34S, EV 84.4 MPH)
Batting: RHB Ron O'Sullivan 0-0: Ball
1-0: Ball
2-0: Ball
3-0: Base on Balls
Batting: RHB Ben Lindop 0-0: Ball
1-0: Called Strike
1-1: Ball
2-1: SINGLE (Groundball, 34D, EV 101.9 MPH)
Ron O'Sullivan to second
Runner from 2nd tries for 3rd, SAFE, throw by RF made to third
Batting: LHB Greg Lyons 0-0: Ball
1-0: Foul Ball, location: 2F
1-1: Ball
2-1: Foul Ball, location: 2F
2-2: 3-RUN HOME RUN (Flyball, 89XD, EV 111.9 MPH), Distance : 442 ft
Batting: RHB Alan Trueman 0-0: Ball
1-0: Swinging Strike
1-1: Called Strike
1-2: Ball
2-2: Foul Ball, location: 2F
2-2: Ball
3-2: Base on Balls
Batting: LHB Edwin Metherell 0-0: Ball
1-0: Called Strike
1-1: Grounds into double play, 5-4-3 (Groundball, 56, EV 96.9 MPH)
Bottom of the 1st over - 3 runs, 2 hits, 0 errors, 0 left on base; Fitzroy 0 - Coburg 3
TOP OF THE 2ND
Fitzroy Lions batting - Pitching for Coburg Bankers : RHP Fabian Hames
Batting: SHB Brendan Koora 0-0: Foul Ball, location: 5F
0-1: Ball
1-1: Ball
2-1: Ball
3-1: Base on Balls
Batting: LHB Kevin Blamey 0-0: Foul Ball, location: 2F
0-1: Fly out, F9 (Flyball, 89M, EV 96.9 MPH)
Batting: RHB Cortney Edlich 0-0: Ball
1-0: Called Strike
1-1: Called Strike
1-2: Ball
2-2: Ball
3-2: Foul Ball, location: 3F
3-2: Foul Ball, location: 2F
3-2: Base on Balls
Brendan Koora to second
Batting: LHB Shane Denning 0-0: Called Strike
0-1: Ball
1-1: Swinging Strike
1-2: Strikes out swinging
Batting: SHB Austen Whittick 0-0: Called Strike
0-1: Swinging Strike
0-2: Ball
1-2: Ball
2-2: Strikes out swinging
Top of the 2nd over - 0 runs, 0 hits, 0 errors, 2 left on base; Fitzroy 0 - Coburg 3
BOTTOM OF THE 2ND
Coburg Bankers batting - Pitching for Fitzroy Lions : RHP Morton Nutley
Batting: RHB Geordi Fry 0-0: Ball
1-0: Foul Ball, location: 9LMF
1-1: SINGLE (Groundball, 5S, EV 66.3 MPH) (infield hit)
Batting: LHB W.C. Pybus 0-0: Ball
1-0: Foul Ball, location: 23F
Pickoff Throw to First - Out! 1-3 CS
1-1: Fly out, F8 (Flyball, 8LM, EV 81.9 MPH)
Batting: LHB Alan Gordon 0-0: Ball
1-0: Ground out 5-3 (Groundball, 56, EV 86.3 MPH)
Bottom of the 2nd over - 0 runs, 1 hit, 0 errors, 0 left on base; Fitzroy 0 - Coburg 3
TOP OF THE 3RD
Fitzroy Lions batting - Pitching for Coburg Bankers : RHP Fabian Hames
Batting: LHB Guarçia Dresel 0-0: Fly out, F3 (Popup, 3F, EV 78.1 MPH)
Batting: RHB John Waldegrave 0-0: Fly out, F5 (Line Drive, 5, EV 68.1 MPH)
Batting: RHB Asa Lanyon 0-0: Called Strike
0-1: Foul Ball, location: 5FF
0-2: Fly out, F4 (Popup, 4S, EV 80.6 MPH)
Top of the 3rd over - 0 runs, 0 hits, 0 errors, 0 left on base; Fitzroy 0 - Coburg 3
BOTTOM OF THE 3RD
Coburg Bankers batting - Pitching for Fitzroy Lions : RHP Morton Nutley
Batting: LHB Todd Sparkes 0-0: Fly out, F8 (Flyball, 8LXD, EV 101.9 MPH)
Batting: RHB Ron O'Sullivan 0-0: Ball
1-0: Ball
2-0: Called Strike
2-1: Called Strike
2-2: Fly out, F7 (Flyball, 7D, EV 100.6 MPH)
Batting: RHB Ben Lindop 0-0: Ball
1-0: Foul Ball, location: 7LSF
1-1: Ball
2-1: SINGLE (Line Drive, 34D, EV 104.4 MPH)
Batting: LHB Greg Lyons 0-0: Ball
1-0: Called Strike
1-1: Called Strike
1-2: Ball
2-2: Fly out, F8 (Line Drive, 78M, EV 85.6 MPH)
Bottom of the 3rd over - 0 runs, 1 hit, 0 errors, 1 left on base; Fitzroy 0 - Coburg 3
TOP OF THE 4TH
Fitzroy Lions batting - Pitching for Coburg Bankers : RHP Fabian Hames
Batting: RHB Jamey Goodwin 0-0: DOUBLE (Line Drive, 78D, EV 104.4 MPH)
Batting: SHB Brendan Koora 0-0: Ball
1-0: SINGLE (Groundball, 4MD, EV 108.8 MPH)
Jamey Goodwin to third
Runner from 3rd tries for Home, SAFE, throw by CF to home
Batting: LHB Kevin Blamey 0-0: DOUBLE (Line Drive, 9LM, EV 106.9 MPH)
Brendan Koora to third
Batting: RHB Cortney Edlich 0-0: Foul Ball, location: 9LMF
0-1: Ball
1-1: Ball
2-1: Called Strike
2-2: Ball
3-2: Foul Ball, location: 2F
3-2: Base on Balls
Batting: LHB Shane Denning 0-0: Ball
1-0: Swinging Strike
1-1: Ball
2-1: Foul Ball, location: 5SF
2-2: Fly out, F8 (Flyball, 8LXD, EV 109.4 MPH)
Runner from 3rd tags up, SCORES, no throw by CF
Batting: SHB Austen Whittick 0-0: Called Strike
0-1: Ball
1-1: 3-RUN HOME RUN (Flyball, 78XD, EV 113.1 MPH), Distance : 438 ft
Pitching: RHP Corkie Threlfall
Batting: LHB Guarçia Dresel 0-0: Fly out, F9 (Line Drive, 9S, EV 87.5 MPH)
Batting: RHB John Waldegrave 0-0: Ball
1-0: Called Strike
1-1: Called Strike
1-2: Ground out U3 (Groundball, 3S, EV 67.5 MPH)
Top of the 4th over - 5 runs, 4 hits, 0 errors, 0 left on base; Fitzroy 5 - Coburg 3
BOTTOM OF THE 4TH
Coburg Bankers batting - Pitching for Fitzroy Lions : RHP Morton Nutley
Batting: RHB Alan Trueman 0-0: Ball
1-0: Ball
2-0: Foul Ball, location: 9LDF
2-1: Called Strike
2-2: Strikes out swinging
Batting: LHB Edwin Metherell 0-0: SINGLE (Groundball, 56D, EV 108.1 MPH)
Batting: RHB Geordi Fry 0-0: Ball
1-0: Fielders Choice at 2nd, 5-4 (Groundball, 56, EV 108.1 MPH)
Batting: LHB W.C. Pybus 0-0: Fly out, F7 (Flyball, 78M, EV 91.3 MPH)
Bottom of the 4th over - 0 runs, 1 hit, 0 errors, 1 left on base; Fitzroy 5 - Coburg 3
TOP OF THE 5TH
Fitzroy Lions batting - Pitching for Coburg Bankers : RHP Corkie Threlfall
Batting: RHB Asa Lanyon 0-0: Called Strike
0-1: Called Strike
0-2: Ball
1-2: Foul Ball, location: 9LMF
1-2: Strikes out swinging
Batting: RHB Jamey Goodwin 0-0: Ball
1-0: Ball
2-0: Foul Ball, location: 9LSF
2-1: Fly out, F8 (Flyball, 78XD, EV 97.5 MPH)
Batting: SHB Brendan Koora 0-0: Called Strike
0-1: Foul Ball, location: 7LDF
0-2: Ball
1-2: Foul Ball, location: 5F
1-2: Ball
2-2: Foul Ball, location: 25FF
2-2: Strikes out swinging
Top of the 5th over - 0 runs, 0 hits, 0 errors, 0 left on base; Fitzroy 5 - Coburg 3
BOTTOM OF THE 5TH
Coburg Bankers batting - Pitching for Fitzroy Lions : RHP Morton Nutley
Batting: LHB Alan Gordon 0-0: Foul Ball, location: 2F
0-1: Ball
1-1: Ball
2-1: Ball
3-1: Base on Balls
Batting: LHB Todd Sparkes 0-0: Ball
1-0: Called Strike
1-1: Bunted foul
1-2: Ball
2-2: Foul Ball, location: 2F
2-2: TRIPLE (Line Drive, 8RXD, EV 103.1 MPH)
Alan Gordon scores
Batting: RHB Ron O'Sullivan 0-0: Swinging Strike
0-1: Fly out, F5 (Popup, 5SF, EV 78.1 MPH)
Batting: RHB Ben Lindop 0-0: Ball
1-0: Ball
2-0: Ball
3-0: Called Strike
3-1: Foul Ball, location: 2F
3-2: Base on Balls
Batting: LHB Greg Lyons 0-0: Called Strike
0-1: Foul Ball, location: 3F
0-2: Fielders Choice at 2nd, 4-6 (Groundball, 34S, EV 87.5 MPH)
Todd Sparkes scores
Pitching: RHP Tory Kennelly
Batting: RHB Alan Trueman 0-0: SINGLE (Flyball, 3D, EV 91.3 MPH)
Greg Lyons to second
Runner from 2nd tries for 3rd, SAFE, throw by RF made to third
Batting: LHB Edwin Metherell 0-0: DOUBLE (Flyball, 8LXD, EV 111.3 MPH)
Greg Lyons scores
Alan Trueman to third
Batting: RHB Geordi Fry 0-0: Ground out 3-1 (Groundball, 34, EV 87.5 MPH)
Bottom of the 5th over - 3 runs, 3 hits, 0 errors, 2 left on base; Fitzroy 5 - Coburg 6
TOP OF THE 6TH
Fitzroy Lions batting - Pitching for Coburg Bankers : RHP Corkie Threlfall
Batting: LHB Kevin Blamey 0-0: Called Strike
0-1: Ball
1-1: Swinging Strike
1-2: Foul Ball, location: 2F
1-2: Ball
2-2: Strikes out swinging
Batting: RHB Cortney Edlich 0-0: Ball
1-0: Called Strike
1-1: DOUBLE (Line Drive, 3D, EV 106.9 MPH)
Batting: LHB Shane Denning 0-0: Swinging Strike
0-1: Ball
1-1: Ball
2-1: Swinging Strike
2-2: Strikes out looking
Batting: SHB Austen Whittick 0-0: Called Strike
0-1: Reached on error, E3 (Groundball, 3L, EV 85.6 MPH)
Batting: LHB Guarçia Dresel 0-0: Foul Ball, location: 7LDF
0-1: Foul Ball, location: 5F
0-2: Strikes out swinging
Top of the 6th over - 0 runs, 1 hit, 1 error, 2 left on base; Fitzroy 5 - Coburg 6
BOTTOM OF THE 6TH
Coburg Bankers batting - Pitching for Fitzroy Lions : RHP Tory Kennelly
Batting: LHB W.C. Pybus 0-0: Swinging Strike
0-1: Ball
1-1: Ball
2-1: Called Strike
2-2: Strikes out swinging
Batting: LHB Alan Gordon 0-0: Called Strike
0-1: Swinging Strike
0-2: Ball
1-2: Strikes out looking
Batting: LHB Todd Sparkes 0-0: Swinging Strike
0-1: Ball
1-1: Swinging Strike
1-2: Strikes out swinging
Bottom of the 6th over - 0 runs, 0 hits, 0 errors, 0 left on base; Fitzroy 5 - Coburg 6
TOP OF THE 7TH
Fitzroy Lions batting - Pitching for Coburg Bankers : RHP Corkie Threlfall
Pitching: LHP Rhys Drewery
Batting: RHB John Waldegrave 0-0: Called Strike
0-1: Ball
1-1: Foul Ball, location: 2F
1-2: Ball
2-2: DOUBLE (Line Drive, 7LM, EV 105.0 MPH)
Batting: RHB Asa Lanyon 0-0: Ball
1-0: Called Strike
1-1: Ball
2-1: Ground out 6-3 (Groundball, 56, EV 104.4 MPH)
Batting: RHB Jamey Goodwin 0-0: Swinging Strike
0-1: DOUBLE (Line Drive, 78XD, EV 99.4 MPH)
John Waldegrave scores
Batting: SHB Brendan Koora 0-0: Intentional Walk
Pinch Hitting: RHB Fedele DeLaurentiis 0-0: Ball
1-0: Swinging Strike
1-1: Called Strike
1-2: Strikes out swinging
Batting: RHB Cortney Edlich 0-0: Ball
1-0: Called Strike
1-1: Ball
2-1: Foul Ball, location: 23FF
2-2: Foul Ball, location: 2F
2-2: Ball
3-2: Ground out 5-3 (Groundball, 5S, EV 92.5 MPH)
Top of the 7th over - 1 run, 2 hits, 0 errors, 2 left on base; Fitzroy 6 - Coburg 6
BOTTOM OF THE 7TH
Coburg Bankers batting - Pitching for Fitzroy Lions : RHP Tory Kennelly
Pitching: RHP Ray Whitney
Now at 1B: Chris Montgomery
Batting: RHB Ron O'Sullivan 0-0: Swinging Strike
0-1: Called Strike
0-2: Ball
1-2: Ground out 5-3 (Groundball, 56, EV 102.5 MPH)
Batting: RHB Ben Lindop 0-0: Ball
1-0: Foul Ball, location: 23F
1-1: SINGLE (Groundball, 5D, EV 99.4 MPH)
Batting: LHB Greg Lyons 0-0: Called Strike
0-1: Ball
1-1: Grounds into double play, 4-6-3 (Groundball, 4, EV 81.9 MPH)
Bottom of the 7th over - 0 runs, 1 hit, 0 errors, 0 left on base; Fitzroy 6 - Coburg 6
TOP OF THE 8TH
Fitzroy Lions batting - Pitching for Coburg Bankers : LHP Rhys Drewery
Pinch Hitting: SHB Keiran Connell 0-0: Foul Ball, location: 2F
0-1: SINGLE (Flyball, 7S, EV 90.6 MPH)
Batting: SHB Austen Whittick 0-0: Called Strike
0-1: Called Strike
0-2: Foul Ball, location: 2F
0-2: Foul Ball, location: 7LSF
0-2: Foul Ball, location: 9LDF
0-2: Foul Ball, location: 2F
0-2: Grounds into double play, 1-4-3 (Groundball, P, EV 63.8 MPH)
Batting: LHB Guarçia Dresel 0-0: Foul Ball, location: 5SF
0-1: Fly out, F9 (Line Drive, 89M, EV 110.6 MPH)
Top of the 8th over - 0 runs, 1 hit, 0 errors, 0 left on base; Fitzroy 6 - Coburg 6
BOTTOM OF THE 8TH
Coburg Bankers batting - Pitching for Fitzroy Lions : RHP Ray Whitney
Now in LF: Keiran Connell
Batting: RHB Alan Trueman 0-0: Ball
1-0: Ball
2-0: Swinging Strike
2-1: Foul Ball, location: 2F
2-2: Ball
3-2: Base on Balls
Batting: LHB Edwin Metherell 0-0: Ball
1-0: Called Strike
1-1: Called Strike
1-2: Strikes out swinging
Pinch Hitting: LHB Coop Callow 0-0: Ball
1-0: Ball
2-0: Ball
3-0: Called Strike
3-1: Swinging Strike
3-2: Ground out 4-3 (Groundball, 34D, EV 93.1 MPH)
Alan Trueman to second
Batting: LHB W.C. Pybus 0-0: Called Strike
0-1: Ball
1-1: Foul Ball, location: 5F
1-2: Ball
2-2: Ball
3-2: Base on Balls
Batting: LHB Alan Gordon 0-0: Called Strike
0-1: Foul Ball, location: 7LDF
0-2: Ball
1-2: Ball
2-2: Ball
3-2: Foul Ball, location: 2F
3-2: Foul Ball, location: 2F
3-2: Foul Ball, location: 2F
3-2: Ground out 4-3 (Groundball, 4, EV 88.1 MPH)
Bottom of the 8th over - 0 runs, 0 hits, 0 errors, 2 left on base; Fitzroy 6 - Coburg 6
TOP OF THE 9TH
Fitzroy Lions batting - Pitching for Coburg Bankers : LHP Rhys Drewery
Now at 3B: Daniel Dare
Batting: RHB John Waldegrave 0-0: Ball
1-0: Swinging Strike
1-1: Foul Ball, location: 2F
1-2: Ball
2-2: Ground out 4-3 (Groundball, 4M, EV 84.4 MPH)
Batting: RHB Asa Lanyon 0-0: Called Strike
0-1: Ball
1-1: SINGLE (Line Drive, 7S, EV 110.0 MPH)
Batting: RHB Jamey Goodwin 0-0: Called Strike
0-1: Ball
1-1: Fly out, F6 (Popup, 6, EV 61.9 MPH)
Batting: SHB Brendan Koora 0-0: Ball
1-0: Called Strike
1-1: Fielders Choice at 2nd, U4 (Groundball, 4M, EV 80.0 MPH)
Top of the 9th over - 0 runs, 1 hit, 0 errors, 1 left on base; Fitzroy 6 - Coburg 6
BOTTOM OF THE 9TH
Coburg Bankers batting - Pitching for Fitzroy Lions : RHP Ray Whitney
Pitching: RHP Jim Unknown
Batting: LHB Todd Sparkes 0-0: Called Strike
0-1: Ball
1-1: Ball
2-1: Called Strike
2-2: DOUBLE (Line Drive, 89M, EV 105.0 MPH)
Batting: RHB Ron O'Sullivan 0-0: Ball
1-0: Ball
2-0: Ball
3-0: Base on Balls
Batting: RHB Ben Lindop 0-0: Called Strike
0-1: Ball
1-1: Foul Ball, location: 3DF
1-2: Foul Ball, location: 25FF
1-2: Foul Ball, location: 2F
1-2: Foul Ball, location: 5F
1-2: Foul Ball, location: 2F
1-2: Ball
2-2: Ball
3-2: Base on Balls
Todd Sparkes to third
Ron O'Sullivan to second
Batting: LHB Greg Lyons 0-0: Ball
1-0: Fly out, F9 (Flyball, 9S, EV 90.6 MPH)
Batting: RHB Alan Trueman 0-0: Ball
1-0: Foul Ball, location: 9LSF
1-1: Foul Ball, location: 2F
1-2: Fly out, F7 (Line Drive, 7S, EV 95.0 MPH)
Runner from 3rd tags up, SCORES, throw by LF
Bottom of the 9th over - 1 run, 1 hit, 0 errors, 2 left on base; Fitzroy 6 - Coburg 7
Tuesday, May 7th , 2024 - OOTP Baseball 24.9 Build 80